 Dungeon Crawl Stone Soup version 0.27.0-1-g7a089689b8 (webtiles) character file.

Game seed: 13343015583540267546

116 Spectrina the Sneak (level 4, -3/27 HPs)
             Began as a Deep Elf Monk on Aug 1, 2021.
             Slain by a phantom (7 damage)
             ... on level 5 of the Dungeon.
             The game lasted 00:06:58 (799 turns).

Spectrina the Sneak (Deep Elf Monk)                  Turns: 799, Time: 00:06:59

Health: -3/27      AC:  2    Str:  8    XL:     4   Next: 69%
Magic:  6/6        EV: 13    Int: 16    God:
Gold:   97         SH:  0    Dex: 17    Spells: 3/3 levels left

rFire    . . .     SeeInvis .   g - +0 rapier
rCold    . . .     Faith    .   (no shield)
rNeg     . . .     Spirit   .   b - +0 robe
rPois    +         Reflect  .   (no helmet)
rElec    .         Harm     .   (no cloak)
rCorr    .         Rampage  .   (no gloves)
Will     .....                  (no boots)
Stlth    +++.......             (no amulet)
HPRegen  0.09/turn              j - ring of poison resistance
MPRegen  0.10/turn              (no ring)

@: no status effects
A: no striking features
a: no special abilities


You were on level 5 of the Dungeon.
You visited 2 branches of the dungeon, and saw 7 of its levels.

You collected 97 gold pieces.

Inventory:

Hand Weapons
 a - a +0 short sword
 c - a +0 hunting sling
 g - a +0 rapier (weapon)
Missiles
 d - 31 bolts
 e - 78 stones
 h - 28 sling bullets
 i - 7 poisoned darts (quivered)
 m - 5 boomerangs
Armour
 b - a +0 robe (worn)
Jewellery
 j - a ring of poison resistance (left hand)
Scrolls
 f - a scroll of identify {unknown}
 k - a scroll of teleportation {unknown}
 l - a scroll of brand weapon {unknown}


   Skills:
 - Level 2.4 Fighting
 - Level 3.0 Short Blades
 - Level 3.6 Dodging
 + Level 6.5 Stealth


You had 3 spell levels left.
You didn't know any spells.
Your spell library was empty.

Dungeon Overview and Level Annotations

Branches:
Dungeon (6/15)             Temple (1/1) D:5

Altars:
Dithmenos
Gozag
Hepliaklqana
Makhleb
Qazlal
Sif Muna
Vehumet
Zin
The Shining One


Message History

There is a staircase back to the Dungeon here.
You climb upwards.
Welcome back to the Dungeon!
A phantom comes into view.
There is a staircase to the Ecumenical Temple here.
You climb downwards.
Welcome back to the Ecumenical Temple!
There is a staircase back to the Dungeon here.
You climb upwards.
Welcome back to the Dungeon!
The phantom hits you!
There is a staircase to the Ecumenical Temple here.
You hit the phantom but do no damage. The phantom barely misses you.
You hit the phantom.
The phantom is lightly damaged.
The phantom hits you but does no damage.
You closely miss the phantom.
The phantom is lightly damaged.
The phantom hits you.
You hit the phantom.
The phantom is lightly damaged.
The phantom closely misses you.
You puncture the phantom!
The phantom is heavily damaged.
The phantom hits you but does no damage.
You hit the phantom.
The phantom is heavily damaged.
The phantom closely misses you.
You hit the phantom but do no damage.
The phantom is heavily damaged.
The phantom hits you.
* * * LOW HITPOINT WARNING * * *
You hit the phantom.
The phantom is heavily damaged.
The phantom hits you.
* * * LOW HITPOINT WARNING * * *
The phantom blinks!
You blink.
You barely miss the phantom.
The phantom is heavily damaged.
The phantom misses you. The phantom closely misses you.
You hit the phantom but do no damage.
The phantom is heavily damaged.
The phantom hits you!
You die...

#. #.# # #.# #
#.### .## #...##
#...
##.#..###...#
#...........
#..#.....#...
....##.....# .
...##..#@#..#
#..##..##W##..# .
##....##...##....
.......>.......
#!...##...##....
..## ##.## ##.
#.# ... ...


You could see a phantom.

Vanquished Creatures
  A scorpion (D:5)
  A gnoll (D:3)
  3 adders
  A white imp (D:5)
  2 goblins
  4 hobgoblins
  A ball python (D:4)
  A bat (D:2)
  A kobold (D:4)
  A quokka skeleton (D:4)
16 creatures vanquished.

Notes
Turn   | Place    | Note
-------+----------+-------------------------------------------
     0 | D:1      | Spectrina the Deep Elf Monk began the quest for the Orb.
     0 | D:1      | Reached XP level 1. HP: 13/13 MP: 3/3
   189 | D:3      | Reached skill level 3 in Stealth
   189 | D:3      | Reached XP level 2. HP: 7/18 MP: 4/4
   245 | D:4      | Noticed a scorpion
   344 | D:4      | Reached skill level 4 in Stealth
   392 | D:4      | Reached XP level 3. HP: 7/22 MP: 5/5
   450 | D:3      | Reached skill level 5 in Stealth
   512 | D:5      | Entered Level 5 of the Dungeon
   517 | D:5      | Noticed a scorpion
   526 | D:5      | Killed a scorpion
   527 | D:5      | Reached skill level 6 in Stealth
   527 | D:5      | Reached XP level 4. HP: 15/27 MP: 6/6
   653 | D:5      | You fall into a shaft and drop 1 floor!
   713 | D:5      | Found a staircase to the Ecumenical Temple.
   723 | Temple   | Entered the Ecumenical Temple
   785 | D:5      | Noticed a phantom
   799 | D:5      | Slain by a phantom

Illustrated notes

Levels and vault maps discovered:
D:1:      scummos_arrival_gate, layout_loops_ring, minmay_box_of_dots
D:2:      layout_basic, serial_shops, nicolae_shop_stone
D:3:      layout_loops_ring, amcnicky_altar_gilded, mainiacjoe_overflow_paths
D:4:      layout_loops_ring, minmay_overflow_temple_hex, serial_shops,
          nicolae_square_shop, minmay_distorted
D:5:      layout_loops_ring, minmay_temple_entry_waves,
          gammafunk_ghost_cemetery, serial_shops, nicolae_shop_stone, shop,
          kennysheep_mini, corexii_leaking_fountain
D:6:      layout_layer_cave, chequers_temple_overflow_statue_of_worship,
          grunt_decor_junction
Temple:   dpeg_three_leaves_temple

Skill      XL: |  1  2  3 |
---------------+----------+-----
Stealth        | 3 4 6 |  6.5
Fighting       | |  2.4
Short Blades   | |  3.0
Dodging        | |  3.6

Action                   |  1- 3 |  4- 6 || total
-------------------------+-------+-------++-------
Melee: Short sword       |    20 |       ||    20
       Rapier            |    29 |    20 ||    49
  Use: Potion            |     2 |       ||     2
 Stab: Sleeping          |     7 |       ||     7
Armor: Robe              |     4 |     2 ||     6
Dodge: Dodged            |    24 |    12 ||    36
